 Dungeon Crawl Stone Soup version 0.23.2-40-g277498a (webtiles) character file.

Game seed: 14482744810988066599

357 zhovat1 the Grave Robber (level 6, -4/46 HPs)
             Began as a Mummy Necromancer on Aug 21, 2019.
             Splashed by Ijyb's acid (15 damage)
             ... on level 5 of the Dungeon.
             The game lasted 00:04:58 (5788 turns).

zhovat1 the Grave Robber (Mummy Necromancer)        Turns: 5788, Time: 00:04:58

Health: -4/46      AC: -1    Str: 11    XL:     6   Next: 37%
Magic:  1/12       EV: 13    Int: 17    God:
Gold:   216        SH:  0    Dex: 12    Spells: 8/13 levels left

rFire    x . .     SeeInvis .   h - +4 dagger
rCold    + . .     Gourm    .   (no shield)
rNeg     + + +     Faith    .   a - +1 robe
rPois    ∞         Spirit   .   (no helmet)
rElec    .         Reflect  .   (no cloak)
rCorr    .         Harm     .   (no gloves)
MR       .....                  (no boots)
Stlth    ++........             (no amulet)
HPRegen  0.15/turn              (no ring)
MPRegen  0.13/turn              (no ring)

@: corroded
A: no food or potions, fire vulnerability, cold resistance 1, negative energy
resistance 3, torment resistance, unbreathing
a: no special abilities


You were on level 5 of the Dungeon.
You were not hungry.

You visited 1 branch of the dungeon, and saw 5 of its levels.

You collected 216 gold pieces.

Inventory:

Hand Weapons
 h - a +4 dagger (weapon)
Armour
 a - a +1 robe (worn)
Jewellery
 d - an uncursed amulet of guardian spirit
Wands
 i - a wand of disintegration (16)
Scrolls
 b - a scroll of fear
 c - a scroll of blinking
 e - 3 scrolls of identify
 f - 2 scrolls of teleportation
 g - 3 scrolls of remove curse
 j - a scroll of amnesia {unknown}
 k - a scroll of enchant armour


   Skills:
 + Level 2.4 Fighting
 + Level 2.6 Dodging
 * Level 3.8 Stealth
 + Level 4.1 Spellcasting
 + Level 4.7 Necromancy


You had 8 spell levels left.
You knew the following spells:

 Your Spells              Type           Power        Failure   Level  Hunger
a - Pain                  Necr           ###.         2%          1    N/A
b - Animate Skeleton      Necr           N/A          2%          1    N/A
c - Vampiric Draining     Necr           ###.......   7%          3    N/A

Your spell library contained the following spells:

 Spells                   Type           Power        Failure   Level  Hunger
 Magic Dart               Conj           #...         16%         1    N/A
 Animate Dead             Necr           N/A          22%         4    N/A
 Blink                    Tloc           N/A          24%         2    N/A
 Call Imp                 Summ           #.......     24%         2    N/A
 Slow                     Hex            #.......     24%         2    N/A
 Conjure Flame            Conj/Fire      #.......     43%         3    N/A
 Mephitic Cloud           Conj/Pois/Air  #.......     43%         3    N/A
 Regeneration             Chrm/Necr      Unusable     N/A         3    N/A

Dungeon Overview and Level Annotations

Branches:
Dungeon (5/15)
 Temple: D:4-7

Altars:
Elyvilon
Gozag
Qazlal
Trog
Xom

Annotations:
D:3 Menkaure
D:5 Ijyb


Innate Abilities, Weirdness & Mutations

You do not eat or drink.
Your flesh is vulnerable to fire.
You are immune to poison.
Your flesh is cold resistant. (rC+)
You are immune to negative energy. (rN+++)
You are immune to unholy pain and torment.
You can survive without breathing.


Message History

Press: ? - help, Shift-Dir - straight line, f/p - Ijyb
Aim: Ijyb, wielding a +0 dagger, wearing a +0 ring mail and carrying a wand of acid (10) (moderately wounded) Ijyb is severely wounded.
You feel life coursing into your body.
The jackal barks!
Ijyb hits you but does no damage.
The orc wizard gestures wildly while chanting.
The orc wizard seems to speed up.
You hit Ijyb.
Ijyb is almost dead.
Ijyb closely misses you.
You closely miss Ijyb.
Ijyb is almost dead.
Ijyb closely misses you.
You completely miss Ijyb.
Ijyb is almost dead.
Ijyb zaps a wand.
The bolt of acid hits you!
* * * LOW HITPOINT WARNING * * *
The acid corrodes you!
You are splashed with acid!
You die...

#..........# #####
#####......# #....
#......# #....
#.)....# #....
#......# #....
#).....# #....
#......# #.[..
#.###### #.... #@#
#.... #g# #....
#h# #.... #h#
##### #o######.. #
#oh....... #
#......... #
#........# #
#....o...#########


You could see Ijyb, an orc wizard, an orc and 3 jackals.

Vanquished Creatures
  A hound (D:4)
  An orc priest (D:3)
  2 orc wizards
  Natasha (twice) (D:4)
  A hound skeleton (D:4)
  4 gnolls
  5 adders
  An ooze (D:3)
  3 worms
  A dart slug (D:1)
  3 leopard geckos
  12 orcs
  2 giant cockroaches
  2 goblins
  7 hobgoblins
  4 jackals
  2 quokkas
  A ball python (D:3)
  5 bats
  6 frilled lizards
  5 kobolds
  10 rats
80 creatures vanquished.

Notes
Turn   | Place    | Note
-------+----------+-------------------------------------------
     0 | D:1      | zhovat1 the Mummy Necromancer began the quest for the Orb.
     0 | D:1      | Reached XP level 1. HP: 13/13 MP: 4/4
   371 | D:1      | Reached XP level 2. HP: 19/19 MP: 2/5
   405 | D:1      | Learned a level 1 spell: Animate Skeleton
  1100 | D:2      | Found a bloodstained altar of Trog.
  1150 | D:2      | Reached XP level 3. HP: 15/25 MP: 7/7
  1309 | D:2      | Reached skill level 1 in Fighting
  2194 | D:2      | Reached XP level 4. HP: 13/32 MP: 0/8
  2479 | D:2      | Learned a level 3 spell: Vampiric Draining
  2486 | D:2      | Found a bloodstained altar of Trog.
  3343 | D:3      | Reached XP level 5. HP: 28/38 MP: 7/10
  4214 | D:4      | Noticed Menkaure
  4435 | D:4      | Noticed Natasha
  4447 | D:4      | Killed Natasha
  4696 | D:4      | Reached XP level 6. HP: 29/44 MP: 4/12
  4852 | D:4      | Found an opulent altar of Gozag.
  4852 | D:4      | Found a white marble altar of Elyvilon.
  4852 | D:4      | Found a stormy altar of Qazlal.
  4853 | D:4      | Found a shimmering altar of Xom.
  5197 | D:4      | Noticed Natasha
  5216 | D:4      | Killed Natasha
  5494 | D:5      | Entered Level 5 of the Dungeon
  5772 | D:5      | Noticed Ijyb
  5788 | D:5      | Splashed by Ijyb's acid

Skill      XL: |  1  2  3  4  5 |
---------------+----------------+-----
Stealth        | 2 3 |  3.8
Spellcasting   | 3 4 |  4.1
Fighting       | 1 2 |  2.4
Dodging        | 2 |  2.6
Necromancy     | |  4.7

Action                   |  1- 3 |  4- 6 || total
-------------------------+-------+-------++-------
Melee: Dagger            |    44 |   110 ||   154
 Cast: Pain              |    34 |    75 ||   109
       Vampiric Draining |       |     5 ||     5
  Use: Scroll            |     4 |     6 ||    10
 Stab: Sleeping          |     2 |     5 ||     7
Armor: Robe              |    12 |    35 ||    47
Dodge: Dodged            |    39 |   116 ||   155
